 Dungeon Crawl Stone Soup version 0.31-a0-486-g8d68a81214 (webtiles) character file.

Game seed: 5514606424043145913

581 Dittersdorf the Shield-Bearer (level 7, -4/44 HPs)
             Began as a Gargoyle Fighter on Aug 7, 2023.
             Slain by an orc
             ... wielding a +0 whip
              (5 damage)
             ... on level 4 of the Dungeon.
             The game lasted 00:05:50 (3818 turns).

Dittersdorf the Shield-Bearer (Gargoyle Fighter)    Turns: 3818, Time: 00:05:51

Health: -4/44      AC: 13    Str: 22    XL:     7   Next: 36%
Magic:  7/7        EV:  9    Int:  8    God:
Gold:   202        SH:  4    Dex:  9    Spells: 6/6 levels left

rFire   . . .        u - +3 flail (freeze)
rCold   . . .        c - +0 buckler
rNeg    + . .        b - +0 scale mail
rPois   ∞            (no helmet)
rElec   +            m - scarf {repulsion}
rCorr   .            s - +0 pair of gloves
SInv    .            (no boots)
Will    .....        (no amulet) Stlth
                     q - ring of flight
HPRegen 0.27/turn    (no ring)
MPRegen 0.10/turn

%: repel missiles
@: flying
A: sickness immunity, AC +4, negative energy resistance 1, electricity
resistance, torment resistance 1, petrification resistance
a: no special abilities


You were on level 4 of the Dungeon.
You visited 1 branch of the dungeon, and saw 4 of its levels.

You collected 202 gold pieces.

Inventory:

Hand Weapons
 u - a +3 flail of freezing (weapon)
Armour
 b - a +0 scale mail (worn)
 c - a +0 buckler (worn)
 e - the +0 plate armour of Daisies {+Blink}
   (You found it on level 4 of the Dungeon)

   +Blink:    It lets you blink.
 m - a scarf of repulsion (worn)
 s - a +0 pair of gloves (worn)
Jewellery
 i - an amulet of faith
 q - a ring of flight (left hand)
Scrolls
 h - 2 scrolls of teleportation
 j - a scroll of fog
Potions
 a - a potion of brilliance {unknown}
 d - 3 potions of might
 f - a potion of curing {unknown}
 g - a potion of lignification {unknown}
 k - a potion of enlightenment {unknown}
 l - 5 potions of degeneration {unknown}
 o - 3 potions of mutation {unknown}
 r - a potion of invisibility
 v - 2 potions of resistance


   Skills:
 + Level 5.3 Fighting
 + Level 4.2 Maces & Flails
 + Level 5.2 Armour
 + Level 5.3 Shields


You had 6 spell levels left.
You didn't know any spells.
Your spell library contained the following spells:

 Spells                   Type           Power      Damage    Failure   Level
 Magic Dart               Conj           0%         1d3       78%         1
 Blink                    Tloc           0%         N/A       89%         2
 Lesser Beckoning         Tloc           0%         N/A       89%         2
 Momentum Strike          Conj/Tloc      0%         3d8       89%         2
 Searing Ray              Conj           0%         2d4       89%         2
 Static Discharge         Conj/Air       0%         2-2/arc   89%         2
 Dazzling Flash           Conj/Hex       0%         N/A       98%         3
 Ignite Poison            Fire/Tmut/Pois 0%         N/A       98%         3
 Ozocubu's Armour         Ice            0%         N/A       98%         3
 Volatile Blastmotes      Fire/Tloc      0%         2d10      98%         3
 Fulminant Prism          Conj/Hex       0%         3d5       100%        4
 Manifold Assault         Tloc           0%         N/A       100%        4
 Sticky Flame             Conj/Fire      0%         2d3       100%        4
 Metabolic Englaciation   Hex/Ice        0%         N/A       100%        5
 Simulacrum               Ice/Necr       0%         N/A       100%        6
 Starburst                Conj/Fire      0%         6d3       100%        6
 Maxwell's Capacitive Co  Air            0%         ∞         100%        8
 Fire Storm               Conj/Fire      0%         5d1       100%        9


Dungeon Overview and Level Annotations

Branches:
Dungeon (4/15)
 Temple: D:4-7

Altars:
Ru


Innate Abilities, Weirdness & Mutations

You are immune to sickness and miasma.
Your stone body is resilient. (AC +4)
You are immune to poison.
You resist negative energy. (rN+)
You are resistant to electric shocks. (rElec)
You are resistant to unholy torment.
You are immune to petrification.


Message History

The orc priest hits you with a +0 falchion.
The orc hits you with a +0 whip. The orc hits you but does no damage.
You completely miss the orc priest.
The orc priest is heavily wounded.
The orc priest hits you but does no damage.
You block the orc's attack. The orc hits you but does no damage.
You barely miss the orc priest.
The orc priest is heavily wounded.
The orc hits you with a +0 whip. The orc hits you with a +0 dagger.
The orc hits you but does no damage.
The orc priest hits you with a +0 falchion.
The orc priest barely misses you. The orc closely misses you.
The orc hits you but does no damage. The orc barely misses you.
You hit the orc priest but do no damage.
The orc priest is heavily wounded.
The orc priest calls down the wrath of Beogh upon you.
Beogh smites you!
* * * LOW HITPOINT WARNING * * *
The orc hits you with a +0 whip.
* * * LOW HITPOINT WARNING * * *
The orc hits you but does no damage. You block the orc's attack.
You hit the orc priest. You freeze the orc priest.
The orc priest is almost dead.
The orc priest hits you but does no damage.
The orc barely misses you. The orc hits you but does no damage.
You block the orc's attack.
You hit the orc priest but do no damage.
The orc priest is almost dead.
You block the orc priest's attack. The orc barely misses you.
The orc closely misses you. The orc hits you but does no damage.
You closely miss the orc priest.
The orc priest is almost dead.
The orc priest hits you but does no damage.
The orc barely misses you. The orc hits you but does no damage. x2
You sock the orc priest! You freeze the orc priest.
You kill the orc priest!
The orc hits you but does no damage. x2; The orc hits you with a +0 whip.
* * * LOW HITPOINT WARNING * * *
The orc hits you with a +0 whip.
You die...

........^..#
...........#
#...........####
................
..............
#...........#
#.......)o..#
#.......@oK.#
#........o..#..
#############.........
#.........†.'.........
#.####.####.#.........
#..'.'..#.#.........
#..#.#..#.#.........
#.####.##'#.#.........
#...........#.........


You could see 3 orcs and a kobold.

Vanquished Creatures
  A jelly (D:3)
  2 howler monkeys (D:3)
  An orc priest (D:4)
  3 gnoll boudas (D:3)
  2 hounds (D:3)
  15 gnolls
  3 adders
  A worm (D:3)
  A dart slug (D:1)
  22 orcs
  5 endoplasms
  4 giant cockroaches
  10 hobgoblins
  20 jackals
  4 kobolds
  8 quokkas
  7 ball pythons
  2 bats
  5 frilled lizards
  9 goblins
  4 rats
129 creatures vanquished.

Notes
Turn   | Place    | Note
-------+----------+-------------------------------------------
     0 | D:1      | Dittersdorf the Gargoyle Fighter began the quest for the
                  | Orb.
     0 | D:1      | Reached XP level 1. HP: 14/14 MP: 1/1
    63 | D:1      | Reached XP level 2. HP: 19/19 MP: 2/2
   405 | D:1      | Reached XP level 3. HP: 23/23 MP: 3/3
  1658 | D:2      | Reached XP level 4. HP: 25/29 MP: 4/4
  1721 | D:3      | Found a sacrificial altar of Ru.
  1877 | D:3      | Found a faded altar of an unknown god.
  2259 | D:3      | Reached XP level 5. HP: 26/33 MP: 5/5
  2329 | D:3      | Reached XP level 6. HP: 26/39 MP: 6/6
  2771 | D:3      | Reached skill level 5 in Shields
  2884 | D:3      | Reached skill level 5 in Fighting
  2891 | D:3      | Reached skill level 5 in Armour
  2891 | D:3      | Reached XP level 7. HP: 7/44 MP: 7/7
  3628 | D:4      | Identified the +0 plate armour of Daisies {+Blink}
  3756 | D:4      | Got the Grimoire of the Raven
  3814 | D:4      | HP: 2/44 [orc/+0 whip (3)]
  3818 | D:4      | Slain by an orc

Illustrated notes

Levels and vault maps discovered:
D:1:      erik_arrival_blinker_ship, layout_basic,
          chequers_serial_rivers_large_b
D:2:      layout_loops_ring, serial_bayou_pond_a
D:3:      lemuel_castle_with_subvaults [lemuel_castle_interior_original],
          layout_loops_ring, mainiacjoe_overflow_catwalk,
          ebering_ecumenical_altar_rust, moated_statue, corexii_corridor_pit
D:4:      minmay_door_path, layout_basic, okawaru_ov_weapons_minmay

Skill      XL: |  1  2  3  4  5  6  7 |
---------------+----------------------+-----
Shields        | 4 5 |  5.3
Fighting       | 4 5 |  5.3
Armour         | 4 5 |  5.2
Maces & Flails | 3 4 |  4.2

Action                     |  1- 3 |  4- 6 |  7- 9 || total
---------------------------+-------+-------+-------++-------
  Melee: Flail             |   183 |   197 |    95 ||   475
    Use: Scroll            |       |       |     9 ||     9
 Armour: Scale mail        |    94 |    88 |    71 ||   253
  Dodge: Dodged            |    98 |   109 |    58 ||   265
  Block: Buckler           |    37 |    63 |    27 ||   127

Table legend: (Time is in decaauts)
 A = Elapsed time spent in this place.
 B = Non-inter-level travel time spent in this place.
 C = Inter-level travel time spent in this place.
 D = Time resting spent in this place.
 E = Time spent auto-exploring this place.
 F = Levels seen in this place.
 G = Mean time per level.
                   A        B        C        D        E       F      G
               +--------+--------+--------+--------+--------+-----+--------+
         Total |   4003 |   3702 |    301 |    440 |   2176 |   4 | 1000.8 |
       Dungeon |   4003 |   3702 |    301 |    440 |   2176 |   4 | 1000.8 |
               +--------+--------+--------+--------+--------+-----+--------+

Top non-repeatable levels by time:
     D:3: 1899 daAuts
     D:1: 1048 daAuts
     D:2: 767 daAuts
     D:4: 288 daAuts
